 Dungeon Crawl Stone Soup version 0.29.0-5-ge4962eb29e (webtiles) character file.

Game seed: 6048783625331616114

298 sanka the Ruffian (level 6, 0/59 HPs)
             Began as a Troll Monk on Aug 29, 2022.
             Slain by an orc
             ... wielding a +0 short sword
              (2 damage)
             ... on level 4 of the Dungeon.
             The game lasted 00:03:12 (2588 turns).

sanka the Ruffian (Troll Monk)                      Turns: 2588, Time: 00:03:12

Health: 0/59       AC:  4    Str: 20    XL:     6   Next: 13%
Magic:  5/5        EV: 10    Int:  6    God:
Gold:   205        SH:  0    Dex: 14    Spells: 5/5 levels left

rFire   . . .      SeeInvis .     - Unarmed
rCold   . . .      Faith    .   (no shield)
rNeg    . . .      Spirit   .   a - +0 robe
rPois   .          Reflect  .   (helmet restricted)
rElec   .          Harm     .   (no cloak)
rCorr   .          Rampage  .   (gloves unavailable)
Will    .....                   (boots unavailable)
Stlth   ++........              (no amulet)
HPRegen 0.99/turn               (no ring)
MPRegen 0.09/turn               (no ring)

@: no status effects
A: large, unfitting armour, claws 3, regeneration 1, shaggy fur 1, tough skin 1
a: no special abilities


You were on level 4 of the Dungeon.
You visited 2 branches of the dungeon, and saw 5 of its levels.

You collected 205 gold pieces.


Innate Abilities, Weirdness & Mutations

You are too large for most types of armour.
You have claws for hands.
Your natural rate of healing is unusually fast.
You are covered in fur. (AC +1)
You have tough skin. (AC +1)


   Skills:
 - Level 2.4 Fighting
 - Level 2.4 Dodging
 - Level 1.0 Stealth
 + Level 6.9 Unarmed Combat


You had 5 spell levels left.
You didn't know any spells.
Your spell library contained the following spells:

 Spells                   Type           Power      Damage    Failure   Level
 Scorch                   Fire           0%         2d5       58%         2
 Sublimation of Blood     Necr           0%         N/A       58%         2
 Wereblood                Tmut           0%         N/A       58%         2
 Portal Projectile        Hex/Tloc       0%         N/A       83%         3
 Tukima's Dance           Hex            0%         N/A       83%         3
 Flame Wave               Conj/Fire      0%         2d4       99%         4
 Blade Hands              Tmut           0%         N/A       100%        5
 Summon Forest            Summ/Tloc      0%         N/A       100%        5
 Summon Mana Viper        Hex/Summ       0%         N/A       100%        5
 Summon Cactus Giant      Summ           0%         N/A       100%        6
 Summon Hydra             Summ           0%         N/A       100%        7

Inventory:

Armour
 a - a +0 robe (worn)
 m - a scarf of harm
Magical Staves
 f - a staff of death
Scrolls
 c - 3 scrolls of identify {unknown}
 d - a scroll of immolation {unknown}
 e - 2 scrolls of teleportation {unknown}
 g - 4 scrolls of poison {unknown}
 i - a scroll of enchant armour {unknown}
 j - a scroll of enchant weapon {unknown}
 k - a scroll of amnesia {unknown}
 n - a scroll of torment {unknown}
Potions
 b - a potion of ambrosia
 h - a potion of attraction {unknown}
 l - a potion of heal wounds {unknown}
 o - a potion of mutation {unknown}
 p - a potion of resistance {unknown}

Dungeon Overview and Level Annotations

Branches:
Dungeon (4/15)             Temple (1/1) D:4

Altars:
Ashenzari
Cheibriados
Dithmenos
Elyvilon
Fedhas
Gozag
Hepliaklqana
Kikubaaqudgha
Makhleb
Qazlal
Sif Muna
Trog
Uskayaw
Vehumet
Wu Jian
Xom
Yredelemnul
The Shining One

Annotations:
D:4 Grinder

▒...▒▒..▒▒▒▒▒▒▒▒▒▒...▒
▒▒▒▒ ▒...▒▒▒+▒▒ ▒▒▒▒▒
.... ▒........▒ ....
▒........▒ . ....
▒...▒▒..▒▒ ▒+▒ .▒ ▒▒▒▒
▒...▒▒..▒▒▒▒▒▒.▒▒▒.▒
▒....▒......<......▒
▒....▒......oo.....▒
s.
▒....'.......T.....▒ K
▒..▒▒▒..▒▒▒▒.o5▒▒..▒
.▒ ▒+▒
▒▒▒▒▒▒▒...▒▒▒▒▒▒.▒
▒..?...†..K..▒
▒.........?..+
▒.....▒▒)....▒
▒.....▒▒.....▒
▒+▒▒▒▒▒▒.....▒
▒.........


You could see Grinder (strong) and 3 orcs.


Message History

The orc closely misses you.
Unknown command.
You claw Grinder!
Grinder is severely wounded.
Grinder zaps a wand.
The puff of flame misses you.
The puff of flame hits the orc.
The orc hits you with a +0 short sword.
* * * LOW HITPOINT WARNING * * *
The orc hits you with a +0 club.
* * * LOW HITPOINT WARNING * * *
The orc hits you with a +0 club.
* * * LOW HITPOINT WARNING * * *
You closely miss Grinder.
Grinder is severely wounded.
Grinder hits you!
* * * LOW HITPOINT WARNING * * *
You writhe in agony.
* * * LOW HITPOINT WARNING * * *
The orc barely misses you. The orc hits you with a +0 club.
* * * LOW HITPOINT WARNING * * *
The orc hits you with a +0 club.
* * * LOW HITPOINT WARNING * * *
You claw Grinder!
Grinder is almost dead.
Grinder gestures at you.
You barely resist. The orc hits you with a +0 short sword.
You die...

Action                   |  1- 3 |  4- 6 || total
-------------------------+-------+-------++-------
Melee: Unarmed           |    94 |   121 ||   215
       Punch             |     3 |     2 ||     5
 Stab: Sleeping          |     2 |     3 ||     5
Armor: Robe              |    39 |    28 ||    67
Dodge: Dodged            |    49 |    67 ||   116

Levels and vault maps discovered:
D:1:      dpeg_arrival_rooms_a, layout_loops_corners
D:2:      layout_loops_ring, nicolae_ecumenical_snake_handling, minmay_rat_hole,
          uniq_terence
D:3:      layout_basic, grunt_temple_overflow_forces_of_nature, kennysheep_nub
D:4:      layout_gridville, nicolae_ru_the_path_less_chosen, bloody_makhleb,
          minmay_temple_entry_mist, uniq_grinder
Temple:   bh_familiar_temple

Notes
Turn   | Place    | Note
-------+----------+-------------------------------------------
     0 | D:1      | sanka the Troll Monk began the quest for the Orb.
     0 | D:1      | Reached XP level 1. HP: 22/22 MP: 0/0
   121 | D:1      | Reached XP level 2. HP: 13/29 MP: 1/1
   610 | D:1      | Reached skill level 4 in Unarmed Combat
   786 | D:1      | Reached XP level 3. HP: 33/36 MP: 2/2
   958 | D:2      | Noticed Terence
   977 | D:2      | Killed Terence
  1006 | D:2      | Found a faded altar of an unknown god.
  1011 | D:2      | Reached skill level 5 in Unarmed Combat
  1011 | D:2      | Reached XP level 4. HP: 20/44 MP: 3/3
  1342 | D:2      | Identified the +2 pair of gloves of Lerec {Int+3 Dex+4}
  1674 | D:3      | Reached XP level 5. HP: 50/50 MP: 4/4
  1809 | D:3      | Reached skill level 6 in Unarmed Combat
  2022 | D:3      | Found a stormy altar of Qazlal.
  2027 | D:3      | Found a blossoming altar of Fedhas.
  2151 | D:4      | Found a staircase to the Ecumenical Temple.
  2175 | Temple   | Entered the Ecumenical Temple
  2458 | D:4      | Found a burning altar of Makhleb.
  2547 | D:4      | Noticed Grinder
  2568 | D:3      | Reached XP level 6. HP: 50/59 MP: 5/5
  2587 | D:4      | HP: 3/59 [Grinder (5)]
  2587 | D:4      | HP: 1/59 [orc/+0 club (1)]
  2588 | D:4      | Slain by an orc

Vanquished Creatures
  A scorpion (D:3)
  An orc priest (D:3)
  An iguana (D:4)
  Terence (D:2)
  An orc wizard (D:3)
  3 gnolls (D:2)
  An adder (D:2)
  An ufetubus (D:4)
  A worm (D:2)
  3 dart slugs
  5 orcs
  11 ball pythons
  8 bats
  3 endoplasms (D:2)
  3 giant cockroaches
  5 goblins
  11 hobgoblins
  4 quokkas
  A frilled lizard (D:3)
  10 kobolds
  21 rats
96 creatures vanquished.
